 Dungeon Crawl Stone Soup version 0.27-a0-1202-ge72e49191c (webtiles) character file.

Game seed: 16959659840857911528

258 Strat the Skirmisher (level 5, -2/44 HPs)
             Began as a Mummy Monk on June 4, 2021.
             Was a Believer of Makhleb.
             Slain by a bullfrog skeleton (3 damage)
             ... on level 4 of the Dungeon.
             The game lasted 00:05:17 (4162 turns).

Strat the Skirmisher (Mummy Monk)                   Turns: 4162, Time: 00:05:18

Health: -2/44      AC:  3    Str: 15    XL:     5   Next: 94%
Magic:  5/5        EV: 12    Int:  9    God:    Makhleb [**....]
Gold:   285        SH:  0    Dex: 15    Spells: 4/4 levels left

rFire    x . .     SeeInvis .   a - +0 falchion
rCold    + . .     Faith    .   (no shield)
rNeg     + + +     Spirit   .   f - +0 leather armour
rPois    ∞         Reflect  .   (no helmet)
rElec    .         Harm     .   (no cloak)
rCorr    .         Rampage  .   (no gloves)
Will     .....                  (no boots)
Stlth    ++........             (no amulet)
HPRegen  0.14/turn              (no ring)
MPRegen  0.09/turn              (no ring)

@: no status effects
A: cold resistance 1, negative energy resistance 3, torment resistance 2, heat
vulnerability 1, no potions
a: Renounce Religion, Minor Destruction


You were on level 4 of the Dungeon.
You worshipped Makhleb.
Makhleb was pleased with you.
You visited 1 branch of the dungeon, and saw 4 of its levels.

You collected 285 gold pieces.

Inventory:

Hand Weapons
 a - a +0 falchion (weapon)
 b - a +0 hunting sling
 i - a +2 dagger of venom
Missiles
 c - 93 stones (quivered)
 h - 87 sling bullets
 j - 4 poisoned darts
Armour
 e - a +0 kite shield
 f - a +0 leather armour (worn)
 k - a +0 robe
Scrolls
 d - a scroll of immolation {unknown}
 g - a scroll of magic mapping {unknown}
 l - a scroll of identify {unknown}
 m - a scroll of teleportation {unknown}
 n - a scroll of enchant weapon {unknown}


   Skills:
 + Level 5.1 Fighting
 + Level 4.2 Long Blades
 - Level 2.4 Dodging
 - Level 1.5 Stealth


You had 4 spell levels left.
You didn't know any spells.
Your spell library was empty.

Dungeon Overview and Level Annotations

Branches:
Dungeon (4/15)
 Temple: D:4-7

Altars:
Makhleb

Shops:
D:1 :   D:3 (   D:4 [


Innate Abilities, Weirdness & Mutations

You are immune to poison.
Your flesh is cold resistant. (rC+)
You are immune to negative energy. (rN+++)
You are immune to unholy pain and torment.
You are vulnerable to heat. (rF-)
You do not drink.


Message History

The bullfrog skeleton hits you.
The bullfrog skeleton hits you but does no damage.
You hit the bullfrog skeleton but do no damage.
The bullfrog skeleton is lightly damaged.
The bullfrog skeleton barely misses you.
You hit the bullfrog skeleton.
The bullfrog skeleton is lightly damaged.
The bullfrog skeleton hits you but does no damage.
The bullfrog skeleton hits you.
* * * LOW HITPOINT WARNING * * *
You are too injured to fight recklessly!
You are too injured to fight recklessly!
You are too injured to fight recklessly!
You hit the bullfrog skeleton.
The bullfrog skeleton is moderately damaged.
The bullfrog skeleton hits you.
* * * LOW HITPOINT WARNING * * *
You hit the bullfrog skeleton.
The bullfrog skeleton is heavily damaged.
The bullfrog skeleton closely misses you.
You hit the bullfrog skeleton.
The bullfrog skeleton is heavily damaged.
The bullfrog skeleton hits you.
* * * LOW HITPOINT WARNING * * *
The bullfrog skeleton barely misses you.
You riposte.
You hit the bullfrog skeleton.
The bullfrog skeleton is severely damaged.
You hit the bullfrog skeleton but do no damage.
The bullfrog skeleton is severely damaged.
The bullfrog skeleton hits you.
* * * LOW HITPOINT WARNING * * *
You barely miss the bullfrog skeleton.
The bullfrog skeleton is severely damaged.
The bullfrog skeleton hits you but does no damage.
You hit the bullfrog skeleton.
The bullfrog skeleton is almost destroyed.
The bullfrog skeleton hits you.
* * * LOW HITPOINT WARNING * * *
The bullfrog skeleton hits you.
You die...

#### # ....
#######.<.. ####
#.....^.# (#####
#.####### ##
......####..## #.
#..#...Z@...# ##.
#(((..###..#######
###.. #####.#
#........###(..# #..
#...####.....###
##..###.....<...###.
#.....#####...###!
##+### #.....##.
#.###.#.#....
#.....#..###.


You could see a bullfrog skeleton.

Vanquished Creatures
  An ogre (D:4)
  A hound (D:4)
  A howler monkey skeleton (D:2)
  4 adders
  An adder skeleton (D:4)
  2 worms (D:2)
  3 dart slugs
  6 ball pythons
  12 endoplasms
  3 giant cockroaches
  7 goblins
  9 hobgoblins
  8 jackals
  2 quokkas
  5 bats
  4 frilled lizards
  5 kobolds
  2 rats
76 creatures vanquished.

Vanquished Creatures (others)
  A fungus (D:2)
  3 toadstools (D:2)
4 creatures vanquished.

Grand Total: 80 creatures vanquished

Notes
Turn   | Place    | Note
-------+----------+-------------------------------------------
     0 | D:1      | Strat the Mummy Monk began the quest for the Orb.
     0 | D:1      | Reached XP level 1. HP: 18/18 MP: 1/1
   305 | D:1      | Reached XP level 2. HP: 23/24 MP: 2/2
   630 | D:1      | Found Piora's Book Shop.
  1113 | D:1      | Reached XP level 3. HP: 16/29 MP: 3/3
  2132 | D:2      | Reached skill level 4 in Fighting
  2360 | D:2      | Reached XP level 4. HP: 32/37 MP: 4/4
  2409 | D:2      | Found a faded altar of an unknown god.
  3102 | D:3      | Found a burning altar of Makhleb.
  3137 | D:3      | Became a worshipper of Makhleb the Destroyer
  3137 | D:3      | Reached * piety under Makhleb
  3137 | D:3      | Reached ** piety under Makhleb
  3226 | D:3      | Found Onaroulo's Weapon Emporium.
  3996 | D:4      | Found Idghiutun's Antique Armour Emporium.
  4003 | D:4      | Reached XP level 5. HP: 42/43 MP: 5/5
  4141 | D:4      | Noticed an ogre
  4153 | D:4      | Killed an ogre
  4154 | D:4      | Reached skill level 5 in Fighting
  4162 | D:4      | HP: 1/44 [bullfrog skeleton (5)]
  4162 | D:4      | Slain by a bullfrog skeleton

Illustrated notes

Levels and vault maps discovered:
D:1:      grunt_arrival_lava_bath, layout_loops_corners, serial_shops,
          nicolae_shop_behind_doors, minmay_domino_2
D:2:      layout_basic, hellmonk_ecumenical_altar_inner_sanctum,
          minmay_gold_behind_fungi, grunt_ministairs_6
D:3:      layout_rooms, nicolae_overflow_crystal_walls, serial_shops, shop,
          serial_glass, glass_columns_a, glass_columns_a, glass_columns_a,
          grunt_ministairs_6
D:4:      layout_rooms, serial_shops,
          nicolae_shop_temple_entry_statues_fountains, dk_noncrumbling_2

Skill      XL: |  1  2  3  4  5 |
---------------+----------------+-----
Long Blades    | 3 4 |  4.2
Fighting       | 4 5 |  5.1
Dodging        | |  2.4
Stealth        | |  1.5

Action                   |  1- 3 |  4- 6 || total
-------------------------+-------+-------++-------
Melee: Falchion          |   118 |    94 ||   212
 Fire: Hunting sling     |       |    42 ||    42
 Stab: Sleeping          |     8 |     2 ||    10
Armor: Robe              |    18 |       ||    18
       Leather armour    |    10 |    29 ||    39
Dodge: Dodged            |    71 |    61 ||   132
       Rpst.: Falchion   |    28 |    14 ||    42

Table legend: (Time is in decaauts)
 A = Elapsed time spent in this place.
 B = Non-inter-level travel time spent in this place.
 C = Inter-level travel time spent in this place.
 D = Time resting spent in this place.
 E = Time spent auto-exploring this place.
 F = Levels seen in this place.
 G = Mean time per level.
                   A        B        C        D        E       F      G
               +--------+--------+--------+--------+--------+-----+--------+
         Total |   4193 |   4102 |     91 |    236 |   3192 |   4 | 1048.2 |
       Dungeon |   4193 |   4102 |     91 |    236 |   3192 |   4 | 1048.2 |
               +--------+--------+--------+--------+--------+-----+--------+

Top non-repeatable levels by time:
     D:1: 1545 daAuts
     D:2: 1503 daAuts
     D:3: 960 daAuts
     D:4: 184 daAuts
